 Dungeon Crawl Stone Soup version 0.23.2-1-ga50397a (webtiles) character file.

Game seed: 13945631497520184810

43 TheDeathLetter the Sneak (level 3, -2/27 HPs)
             Began as a Vampire Assassin on May 12, 2019.
             Slain by an adder (3 damage)
             ... on level 3 of the Dungeon.
             The game lasted 00:01:19 (1059 turns).

TheDeathLetter the Sneak (Vampire Assassin)         Turns: 1059, Time: 00:01:20

Health: -2/27      AC:  5    Str: 10    XL:     3   Next: 37%
Magic:  3/3        EV: 11    Int: 13    God:
Gold:   28         SH:  0    Dex: 16    Spells: 2/2 levels left

rFire    . . .     SeeInvis +   a - +2 dagger
rCold    . . .     Gourm    .   (no shield)
rNeg     + . .     Faith    .   n - +0 leather armour
rPois    .         Spirit   .   (no helmet)
rElec    .         Reflect  .   d - +0 cloak
rCorr    .         Harm     .   (no gloves)
MR       .....                  h - +0 pair of boots (curse)
Stlth    +++.......             (no amulet)
HPRegen  0.09/turn              (no ring)
MPRegen  0.08/turn              (no ring)

@: no status effects
A: fangs 3, see invisible, unbreathing
a: Bat Form


You were on level 3 of the Dungeon.
You were not thirsty.

You visited 1 branch of the dungeon, and saw 3 of its levels.

You collected 28 gold pieces.

Inventory:

Hand Weapons
 a - a +2 dagger (weapon)
 b - a +0 blowgun
Missiles
 e - 8 poisoned needles
 f - 2 curare-tipped needles
Armour
 c - a +0 robe
 d - a +0 cloak (worn)
 h - a cursed +0 pair of boots (worn)
 n - a +0 leather armour (worn)
Scrolls
 i - a scroll of magic mapping {unknown}
 j - 2 scrolls of identify {unknown}
 k - 2 scrolls of remove curse {unknown}
 o - a scroll of teleportation {unknown}
 q - a scroll of immolation {unknown}
Potions
 g - a potion of blood
 l - a potion of curing {unknown}
 m - a potion of invisibility {unknown}
 p - a potion of magic {unknown}


   Skills:
 + Level 2.0 Fighting
 + Level 2.5 Short Blades
 + Level 1.7 Throwing
 + Level 1.2 Dodging
 + Level 7.3 Stealth


You had 2 spell levels left.
You didn't know any spells.
Your spell library was empty.

Dungeon Overview and Level Annotations

Branches:
Dungeon (3/15)

Altars:
Vehumet


Innate Abilities, Weirdness & Mutations

You have razor-sharp teeth.
You have supernaturally acute eyesight. (SInv)
You can survive without breathing.


Message History

There are monsters nearby!
You are too injured to fight recklessly!
You are too injured to fight recklessly!
You are too injured to fight recklessly!
You are too injured to fight recklessly!
You are too injured to fight recklessly!
The orc hits you from afar with a +0 trident.
* * * LOW HITPOINT WARNING * * *
The adder barely misses you. The adder closely misses you.
The orc sings a few bars from the Orcish anthem.
The adder bites you.
* * * LOW HITPOINT WARNING * * *
There is a stone staircase leading up here.
The adder bites you.
* * * LOW HITPOINT WARNING * * *
The orc hits you from afar with a +0 trident.
* * * LOW HITPOINT WARNING * * *
The adder bites you.
You die...

########### ..... ....
##...##..s .o ##..)..#.#
o## #........####..
#..............
#........## .#####
##..@..#.## ..%..
.####..S#...###..#
......†...o...oo.(.#
..........#...###...#
##.#..........!.........
# ##############...####
#.## .# .#


You could see an adder, 3 orcs and a giant cockroach (wandering).

Vanquished Creatures
  An adder (D:2)
  3 worms
  A leopard gecko (D:2)
  3 goblins (D:2)
  3 hobgoblins
  4 jackals (D:2)
  3 bats (D:2)
  3 kobolds
  3 rats (D:2)
24 creatures vanquished.

Notes
Turn   | Place    | Note
-------+----------+-------------------------------------------
     0 | D:1      | TheDeathLetter the Vampire Assassin began the quest for the
                  | Orb.
     0 | D:1      | Reached XP level 1. HP: 16/16 MP: 1/1
    55 | D:2      | Reached skill level 6 in Stealth
    64 | D:2      | Reached XP level 2. HP: 15/22 MP: 2/2
   227 | D:2      | Reached skill level 7 in Stealth
   299 | D:2      | Reached XP level 3. HP: 22/27 MP: 3/3
   802 | D:2      | Found a radiant altar of Vehumet.
  1059 | D:3      | HP: 1/27 [orc/+0 trident (4)]
  1059 | D:3      | Slain by an adder

Skill      XL: |  1  2  3 |
---------------+----------+-----
Stealth        | 6 7 |  7.3
Fighting       | 2 |  2.0
Short Blades   | |  2.5
Throwing       | |  1.7
Dodging        | |  1.2

Action                   || total
-------------------------++-------
Melee: Dagger            ||    85
       Bite              ||     4
 Stab: Sleeping          ||     6
Armor: Robe              ||    31
Dodge: Dodged            ||    51
